 Dungeon Crawl Stone Soup version 0.28.0 (webtiles) character file.

Game seed: 1000065351179549561

296 Crownlay the Magician (level 6, -6/38 HPs)
             Began as an Octopode Transmuter on Feb 17, 2022.
             Killed by miscasting Spider Form (8 damage)
             ... on level 3 of the Dungeon.
             The game lasted 00:06:31 (2631 turns).

Crownlay the Magician (Octopode Transmuter)         Turns: 2631, Time: 00:06:31

Health: -6/38      AC:  1    Str:  6 (9)  XL:     6   Next: 35%
Magic:  9/12       EV: 13    Int: 15 (18) God:
Gold:   101        SH:  0    Dex: 10 (12) Spells: 10/14 levels left

rFire   . . .      SeeInvis .     - Unarmed
rCold   . . .      Faith    .   (no shield)
rNeg    . . .      Spirit   .   (helmet currently unavailable)
rPois   .          Reflect  .   b - amulet of regeneration
rElec   .          Harm     .   (no ring)
rCorr   .          Rampage  .   (no ring)
Will    .....                   (no ring)
Stlth   ++........              (no ring)
HPRegen 0.92/turn               (no ring)
MPRegen 0.13/turn               (no ring)
                                (no ring)
                                (no ring)

@: lethally poisoned (-6 -> -8), appendages, very slightly contaminated
A: tentacle spike 3, almost no armour, amphibious, 8 rings, camouflage 1,
gelatinous body 1, (nimble swimmer 1), tentacles
a: End Transformation


You were on level 3 of the Dungeon.
One of your tentacles had grown a beastly spike.
You visited 1 branch of the dungeon, and saw 3 of its levels.
You also visited: Sewer.

You collected 101 gold pieces.

Inventory:

Armour
 l - a +2 buckler
Jewellery
 b - an amulet of regeneration (around mantle)
 k - the amulet of Qihugheu {RegenMP rCorr Int+4}
   (You found it on level 3 of the Dungeon)

   [amulet of magic regeneration]

   It increases your rate of magic regeneration.
   Int:       It affects your intelligence (+4).
   rCorr:     It protects you from acid and corrosion.
Scrolls
 a - 2 scrolls of magic mapping {unknown}
 c - 2 scrolls of teleportation {unknown}
 f - a scroll of brand weapon {unknown}
 g - 2 scrolls of enchant weapon {unknown}
 h - 2 scrolls of identify {unknown}
 i - 2 scrolls of fog
 j - a scroll of immolation {unknown}
 n - a scroll of blinking {unknown}
Potions
 e - a potion of haste {unknown}
 m - a potion of mutation {unknown}


   Skills:
 - Level 1.0 Fighting
 - Level 2.0 Dodging
 * Level 2.5 Shields
 - Level 3.0 Unarmed Combat
 * Level 4.5 Spellcasting
 + Level 3.6 Transmutations


You had 10 spell levels left.
You knew the following spells:

 Your Spells              Type           Power      Damage    Failure   Level
a - Beastly Appendage     Tmut           28%        N/A       3%          1
b - Spider Form           Tmut/Pois      8%         N/A       24%         3

Your spell library contained the following spells:

 Spells                   Type           Power      Damage    Failure   Level
 Wereblood                Tmut           14%        N/A       6%          2
 Ice Form                 Ice/Tmut       8%         N/A       63%         4


Dungeon Overview and Level Annotations

Branches:
Dungeon (3/15)              Sewer (visited)

Altars:


Innate Abilities, Weirdness & Mutations

One of your tentacles has grown a beastly spike.
You cannot wear most types of armour.
You are amphibious.
You can wear up to eight rings at the same time.
Your skin changes colour to match your surroundings (Stealth+).
Your rubbery body absorbs attacks. (AC +1, EV +1)
((You are camouflaged when in or above water. (Stealth+)))
You have tentacles for arms and can constrict up to eight enemies at once.


Message History

The wyvern zombie is lightly damaged.
The wyvern zombie barely misses you.
You tentacle-slap the wyvern zombie but do no damage.
The wyvern zombie is lightly damaged.
The wyvern zombie completely misses you.
The wyvern zombie bites you!
You tentacle-slap the wyvern zombie but do no damage.
You pierce the wyvern zombie, but do no damage.
The wyvern zombie is lightly damaged.
The wyvern zombie bites you!
You are too injured to fight recklessly!
You are too injured to fight recklessly!
You are too injured to fight recklessly!
You are too injured to fight recklessly!
You tentacle-slap the wyvern zombie.
Your tentacle spike misses the wyvern zombie.
The wyvern zombie is lightly damaged.
The wyvern zombie bites you.
You tentacle-slap the wyvern zombie.
You pierce the wyvern zombie.
Your squeeze misses the wyvern zombie.
The wyvern zombie is moderately damaged.
The wyvern zombie bites you!
* * * LOW HITPOINT WARNING * * *
You tentacle-slap the wyvern zombie but do no damage.
The wyvern zombie is moderately damaged.
The wyvern zombie closely misses you. The wyvern zombie bites you.
* * * LOW HITPOINT WARNING * * *
It was a potion of degeneration.
There was something very wrong with that liquid.
You feel weakened.
You feel dopey.
You feel clumsy. The wyvern zombie barely misses you.
Okay, then.
Casting: Beastly Appendage (safe; 3% risk of failure)
Confirm with . or Enter, or press ? or * to list all spells.
The spell is quite dangerous to miscast (24% risk of failure)!
Continue anyway?
You miscast Spider Form.
You are very lightly contaminated with residual magic.
You feel odd!
You are lethally poisoned!
You die...

#.# #..............#
#.#######.##.....≈≈≈...#
#........<...#).≈≈≈≈≈..#
#########.##....≈≈.≈≈..#
#.###...≈≈≈)≈..# ####
#.# #....≈≈≈÷..# ....
#.# #..........#
#..###.###.........)#
#..Z@............##..
##.###............... #
#####.###....(.. ..#
##...... #### ..###. ..#
..


You could see a wyvern zombie.

Vanquished Creatures
  2 kobold brigands (Sewer)
  6 adders
  4 river rats
  3 dart slugs
  5 ball pythons
  5 endoplasms
  A giant cockroach (D:2)
  6 hobgoblins
  4 jackals
  11 kobolds
  2 quokkas (D:2)
  6 bats
  9 frilled lizards
  5 goblins
  6 rats
75 creatures vanquished.

Vanquished Creatures (others)
  8 plants (Sewer)
8 creatures vanquished.

Grand Total: 83 creatures vanquished

Notes
Turn   | Place    | Note
-------+----------+-------------------------------------------
     0 | D:1      | Crownlay the Octopode Transmuter began the quest for the
                  | Orb.
     0 | D:1      | Reached XP level 1. HP: 13/13 MP: 3/3
    98 | D:1      | Reached XP level 2. HP: 15/18 MP: 3/5
   774 | D:1      | Found a faded altar of an unknown god.
   844 | D:1      | Reached XP level 3. HP: 23/23 MP: 5/7
   916 | D:1      | Reached skill level 3 in Spellcasting
  1438 | D:2      | Learned a level 3 spell: Spider Form
  1561 | D:2      | Reached XP level 4. HP: 25/28 MP: 7/9
  1901 | D:3      | Identified the amulet of Qihugheu {RegenMP rCorr Int+4}
  1998 | D:3      | Found a glowing drain.
  2043 | Sewer    | Entered a sewer
  2159 | Sewer    | Reached XP level 5. HP: 32/33 MP: 8/10
  2189 | Sewer    | Noticed a kobold brigand
  2199 | Sewer    | Killed a kobold brigand
  2200 | Sewer    | Reached skill level 1 in Shields
  2200 | Sewer    | Reached skill level 4 in Spellcasting
  2382 | Sewer    | Reached XP level 6. HP: 38/38 MP: 12/12
  2629 | D:3      | HP: 1/38 [wyvern zombie (6)]
  2631 | D:3      | Killed by miscasting Spider Form

Illustrated notes

Levels and vault maps discovered:
D:1:      eino_arrival_cavern_a, layout_loops_cross,
          dreamdust_ecumenical_altar_sealed_demon, chequers_decorated_corner
D:2:      layout_loops_ring
D:3:      layout_loops_ring, portal_sewer_entry_a, pf_guarded_unrand_woodcutter,
          uniq_robin, uniq_grinder

Skill      XL: |  1  2  3  4  5 |
---------------+----------------+-----
Spellcasting   | 3 4 |  4.5
Transmutations | 3 |  3.6
Shields        | 2 |  2.5
Fighting       | |  1.0
Dodging        | |  2.0
Unarmed Combat | |  3.0

Action                   |  1- 3 |  4- 6 || total
-------------------------+-------+-------++-------
Melee: Unarmed           |    70 |   138 ||   208
       Constrict         |    22 |    37 ||    59
       Kick              |    13 |    28 ||    41
       Tentacles         |    17 |    34 ||    51
       Punch             |     1 |     6 ||     7
 Cast: Beastly Appendage |     9 |    17 ||    26
  Use: Scroll            |       |     1 ||     1
       Potion            |       |     1 ||     1
 Stab: Sleeping          |     9 |     9 ||    18
       Distracted        |     1 |       ||     1
Armor: Skin              |     2 |     8 ||    10
Dodge: Dodged            |    40 |    54 ||    94
